Wild vs Bruins

Created - January 11 2011 at 17:54

Goals
1 2 3 OT1 SO T
Wild 1 0 1 0 3 2
Bruins 1 1 0 0 4 3
Shots
1 2 3 OT1 SO T
Wild 12 2 14 2 7 30
Bruins 10 12 2 1 7 25

Period #1

1. Bruins , Dustin Brown 4 (Nathan Horton) at 1:10
2. Wild , Martin St. Louis 26 (Chris Drury) at 8:07

Penalties :
Paul Stastny (BOS) for Tripping (Minor) at 13:01, Paul Stastny (BOS) for Holding (Minor) at 18:22

Period #2

3. Bruins , Phil Kessel 15 (Dennis Seidenberg, Kyle Okposo) at 18:49

Penalties :
Daniel Alfredsson (MIN) for Hooking (Minor) at 1:24, Zdeno Chara (BOS) for Holding (Minor) at 18:50

Period #3

4. Wild , Daniel Alfredsson 24 (Greg Zanon, Martin St. Louis) at 6:57

Penalties :
Gregory Campbell (BOS) for Hooking (Minor) at 0:05, Michal Rozsival (MIN) for Slashing (Minor) at 7:55, David Krejci (BOS) for Holding (Minor) at 8:31, Christopher Higgins (MIN) for Tripping (Minor) at 8:31, James Vandermeer (BOS) for Hooking (Minor) at 10:58

Overtime #1

No Goal

Penalties :
No Penalty

Shootout

Penalty Shot by Milan Hejduk for Wild - Stopped by Cam Ward
Penalty Shot by Nathan Horton for Bruins - Stopped by Ilya Bryzgalov
Penalty Shot by Daniel Alfredsson for Wild - Stopped by Cam Ward
Penalty Shot by Phil Kessel for Bruins - Stopped by Ilya Bryzgalov
Penalty Shot by Martin St. Louis for Wild - Goal!
Penalty Shot by Henrik Zetterberg for Bruins - Goal!
Penalty Shot by Joe Pavelski for Wild - Goal!
Penalty Shot by Dustin Brown for Bruins - Goal!
Penalty Shot by Robert Lang for Wild - Shot Misses the Net
Penalty Shot by Paul Stastny for Bruins - Stopped by Ilya Bryzgalov
Penalty Shot by Olli Jokinen for Wild - Goal!
Penalty Shot by David Krejci for Bruins - Goal!
Penalty Shot by Christopher Higgins for Wild - Stopped by Cam Ward
Penalty Shot by Blake Wheeler for Bruins - Goal!

Penalties :
No Penalty

Goalie Stats

Ilya Bryzgalov (MIN), 23 saves from 25 shots - (0.920), OTL, 23-15-3, 65:00 minutes
Cam Ward (BOS), 28 saves from 30 shots - (0.933), W, 25-6-3, 65:00 minutes

Players Stats

Wild
Player Name              G  A  P  +/- PIM S  H  SB FO    MP 
------------------------------------------------------------
Aaron Ward               0  0  0   0  0   0  1  1  0/0   16 
Brian Willsie            0  0  0   0  0   2  0  0  1/1   16 
Chris Drury              0  1  1   1  0   2  1  0  13/26 21 
Christopher Higgins      0  0  0  -1  2   2  1  0  0/2   21 
Daniel Alfredsson        1  0  1   1  2   6  0  1  0/2   22 
Freddy Meyer             0  0  0   0  0   1  2  1  0/0   22 
Greg Zanon               0  1  1   1  0   0  4  1  0/0   22 
Jan Hejda                0  0  0   1  0   0  1  0  0/0   24 
Jay Leach                0  0  0   0  0   0  0  0  0/0   0  
Joe Pavelski             0  0  0  -1  0   6  1  0  15/31 24 
Martin St. Louis         1  1  2   1  0   4  1  0  1/2   23 
Michal Rozsival          0  0  0  -1  2   0  2  1  0/0   21 
Milan Hejduk             0  0  0  -1  0   2  1  0  1/2   20 
Olli Jokinen             0  0  0   0  0   1  0  0  2/2   5  
Rob Niedermayer          0  0  0   0  0   3  1  0  8/17  16 
Robert Lang              0  0  0   0  0   0  0  0  0/1   3  
Ryan Whitney             0  0  0  -1  0   0  1  3  0/0   23 
Stephane Yelle           0  0  0   0  0   1  0  0  0/0   16 
Bruins
Player Name              G  A  P  +/- PIM S  H  SB FO    MP 
------------------------------------------------------------
Andrej Meszaros          0  0  0   0  0   0  0  0  0/0   0  
Barret Jackman           0  0  0   1  0   0  0  2  0/0   23 
Blake Wheeler            0  0  0  -1  0   0  0  0  0/1   15 
David Krejci             0  0  0   1  2   1  2  0  11/27 23 
Dennis Seidenberg        0  1  1   0  0   1  0  3  0/0   25 
Dustin Brown             1  0  1   1  0   2  4  0  1/2   19 
Gregory Campbell         0  0  0   0  2   1  1  0  0/0   14 
Henrik Zetterberg        0  0  0   0  0   1  2  0  1/1   14 
James Vandermeer         0  0  0   0  2   0  0  1  0/0   14 
Jordan Leopold           0  0  0  -1  0   1  0  1  0/0   20 
Kyle Okposo              0  1  1   0  0   3  0  0  0/0   11 
Mark Recchi              0  0  0  -1  0   2  2  0  0/2   14 
Nathan Horton            0  1  1   1  0   1  0  0  0/2   21 
Niklas Kronwall          0  0  0   1  0   0  3  2  0/0   21 
Patrice Bergeron         0  0  0  -1  0   4  0  1  10/21 17 
Paul Stastny             0  0  0  -1  4   3  0  0  16/21 21 
Phil Kessel              1  0  1   1  0   2  0  0  6/9   13 
Zdeno Chara              0  0  0  -1  2   3  3  0  0/0   24 

3 Stars

1 - Martin St. Louis (MIN)
2 - Dustin Brown (BOS)
3 - Greg Zanon (MIN)

Power Play

Wild - 0 on 5 Attempt(s) - 0.00%
Bruins - 0 on 2 Attempt(s) - 0.00%

Penalty Kill

Wild - 2 on 2 Attempt(s) - 100.00% - Score 0 goal in Penalty Kill
Bruins - 5 on 5 Attempt(s) - 100.00% - Score 0 goal in Penalty Kill

Game Notes

No Game Note

Finance

Level 1 -- Attendance: 6169 (94.91%) -- Ticket Income $462,675.00
Level 2 -- Attendance: 5000 (100.00%) -- Ticket Income $250,000.00
Level 3 -- Attendance: 3500 (100.00%) -- Ticket Income $105,000.00
Level 4 -- Attendance: 1565 (100.00%) -- Ticket Income $31,300.00
Luxury Box -- Attendance: 1000 (100.00%) -- Ticket Income $150,000.00
Game was played at the TD Garden
Total Attendance: 17234 (98.12%)
Total Ticket Income: $1,027,411.00
Other Income: $202,501.50
Total Income: $1,229,913.00


Play by Play

Period #1

0:01 of 1st period - Chris Drury wins face-off versus Paul Stastny in neutral zone.
0:06 of 1st period - Shot by Daniel Alfredsson.
0:06 of 1st period - Stopped by Cam Ward with a rebound.
0:18 of 1st period - Shot by Dennis Seidenberg.
0:18 of 1st period - Shot Misses the Net.
0:22 of 1st period - Shot by Henrik Zetterberg.
0:22 of 1st period - Stopped by Ilya Bryzgalov with a rebound.
0:24 of 1st period - Shot by Henrik Zetterberg.
0:24 of 1st period - Shot Misses the Net.
0:26 of 1st period - Shot by Zdeno Chara.
0:26 of 1st period - Stopped by Ilya Bryzgalov without a rebound.
0:27 of 1st period - David Krejci wins face-off versus Joe Pavelski in Wild zone.
0:36 of 1st period - Ryan Whitney is hit by David Krejci.
0:37 of 1st period - Icing by Ryan Whitney.
0:38 of 1st period - Joe Pavelski wins face-off versus Patrice Bergeron in Wild zone.
0:38 of 1st period - Joe Pavelski is hit by Mark Recchi.
0:49 of 1st period - Icing by Joe Pavelski.
0:50 of 1st period - Joe Pavelski wins face-off versus David Krejci in Wild zone.
1:10 of 1st period - Shot by Dustin Brown.
1:10 of 1st period - Goal by Dustin Brown - Wild : 0 - Bruins : 1.
1:11 of 1st period - Paul Stastny wins face-off versus Chris Drury in neutral zone.
1:18 of 1st period - Shot by Paul Stastny.
1:18 of 1st period - Stopped by Ilya Bryzgalov without a rebound.
1:19 of 1st period - Patrice Bergeron wins face-off versus Rob Niedermayer in Wild zone.
1:28 of 1st period - Shot by Mark Recchi.
1:28 of 1st period - Shot Blocked by Aaron Ward.
2:13 of 1st period - Icing by Freddy Meyer.
2:14 of 1st period - Paul Stastny wins face-off versus Rob Niedermayer in Wild zone.
2:41 of 1st period - Paul Stastny is hit by Freddy Meyer and loses puck.
2:46 of 1st period - Shot by Paul Stastny.
2:46 of 1st period - Shot Misses the Net.
2:48 of 1st period - Shot by Gregory Campbell.
2:48 of 1st period - Stopped by Ilya Bryzgalov without a rebound.
2:49 of 1st period - Chris Drury wins face-off versus David Krejci in Wild zone.
3:05 of 1st period - Shot by Dustin Brown.
3:05 of 1st period - Shot Misses the Net.
3:09 of 1st period - Shot by David Krejci.
3:09 of 1st period - Shot Misses the Net.
3:25 of 1st period - Shot by Martin St. Louis.
3:25 of 1st period - Shot Blocked by Barret Jackman.
3:31 of 1st period - Daniel Alfredsson is hit by Dustin Brown and loses puck.
4:16 of 1st period - Icing by Zdeno Chara.
4:17 of 1st period - Phil Kessel wins face-off versus Christopher Higgins in Bruins zone.
4:54 of 1st period - Shot by Henrik Zetterberg.
4:54 of 1st period - Shot Misses the Net.
5:12 of 1st period - Shot by Patrice Bergeron.
5:12 of 1st period - Stopped by Ilya Bryzgalov with a rebound.
5:38 of 1st period - Icing by Greg Zanon.
5:39 of 1st period - Paul Stastny wins face-off versus Martin St. Louis in Wild zone.
5:42 of 1st period - Shot by Paul Stastny.
5:42 of 1st period - Shot Misses the Net.
5:46 of 1st period - Shot by Kyle Okposo.
5:46 of 1st period - Shot Misses the Net.
5:48 of 1st period - Shot by Dennis Seidenberg.
5:48 of 1st period - Stopped by Ilya Bryzgalov without a rebound.
5:49 of 1st period - Rob Niedermayer wins face-off versus David Krejci in Wild zone.
5:49 of 1st period - Rob Niedermayer is hit by Dustin Brown.
6:16 of 1st period - Shot by Rob Niedermayer.
6:16 of 1st period - Shot Misses the Net.
6:18 of 1st period - Shot by Brian Willsie.
6:18 of 1st period - Shot Misses the Net.
6:20 of 1st period - Shot by Brian Willsie.
6:20 of 1st period - Stopped by Cam Ward with a rebound.
6:24 of 1st period - Shot by Rob Niedermayer.
6:24 of 1st period - Shot Blocked by Niklas Kronwall.
6:26 of 1st period - Shot by Brian Willsie.
6:26 of 1st period - Shot Blocked by Niklas Kronwall.
6:36 of 1st period - David Krejci is hit by Chris Drury and loses puck.
6:55 of 1st period - Shot by Daniel Alfredsson.
6:55 of 1st period - Shot Misses the Net.
6:59 of 1st period - Shot by Chris Drury.
6:59 of 1st period - Stopped by Cam Ward without a rebound.
7:00 of 1st period - Joe Pavelski wins face-off versus Paul Stastny in Bruins zone.
7:03 of 1st period - Shot by Milan Hejduk.
7:03 of 1st period - Deflect By Joe Pavelski.
7:03 of 1st period - Stopped by Cam Ward without a rebound.
7:04 of 1st period - Paul Stastny wins face-off versus Joe Pavelski in Bruins zone.
7:17 of 1st period - Christopher Higgins is hit by Henrik Zetterberg and loses puck.
7:34 of 1st period - Shot by Paul Stastny.
7:34 of 1st period - Stopped by Ilya Bryzgalov without a rebound.
7:35 of 1st period - Rob Niedermayer wins face-off versus Patrice Bergeron in Wild zone.
7:54 of 1st period - Shot by Brian Willsie.
7:54 of 1st period - Stopped by Cam Ward with a rebound.
8:03 of 1st period - Shot by Stephane Yelle.
8:03 of 1st period - Stopped by Cam Ward without a rebound.
8:04 of 1st period - Chris Drury wins face-off versus Paul Stastny in Bruins zone.
8:07 of 1st period - Shot by Martin St. Louis.
8:07 of 1st period - Goal by Martin St. Louis - Wild : 1 - Bruins : 1.
8:08 of 1st period - Paul Stastny wins face-off versus Chris Drury in neutral zone.
8:35 of 1st period - Shot by Martin St. Louis.
8:35 of 1st period - Stopped by Cam Ward without a rebound.
8:36 of 1st period - Joe Pavelski wins face-off versus Patrice Bergeron in Bruins zone.
8:53 of 1st period - Icing by Michal Rozsival.
8:54 of 1st period - Joe Pavelski wins face-off versus David Krejci in Wild zone.
9:11 of 1st period - Shot by Dustin Brown.
9:11 of 1st period - Shot Blocked by Ryan Whitney.
10:01 of 1st period - Icing by Kyle Okposo.
10:02 of 1st period - Paul Stastny wins face-off versus Chris Drury in Bruins zone.
11:14 of 1st period - Rob Niedermayer is hit by Zdeno Chara and loses puck.
11:23 of 1st period - Shot by Rob Niedermayer.
11:23 of 1st period - Stopped by Cam Ward without a rebound.
11:24 of 1st period - David Krejci wins face-off versus Joe Pavelski in Bruins zone.
11:35 of 1st period - Shot by Dustin Brown.
11:35 of 1st period - Deflect By Nathan Horton.
11:35 of 1st period - Stopped by Ilya Bryzgalov without a rebound.
11:36 of 1st period - Patrice Bergeron wins face-off versus Joe Pavelski in Wild zone.
11:58 of 1st period - Shot by Mark Recchi.
11:58 of 1st period - Deflect By Patrice Bergeron.
11:58 of 1st period - Shot Blocked by Michal Rozsival.
12:00 of 1st period - Shot by Mark Recchi.
12:00 of 1st period - Shot Misses the Net.
12:02 of 1st period - Shot by Patrice Bergeron.
12:02 of 1st period - Stopped by Ilya Bryzgalov without a rebound.
12:03 of 1st period - David Krejci wins face-off versus Chris Drury in Wild zone.
12:03 of 1st period - David Krejci is hit by Greg Zanon.
12:08 of 1st period - Icing by Daniel Alfredsson.
12:09 of 1st period - Chris Drury wins face-off versus Dustin Brown in Wild zone.
12:18 of 1st period - Shot by Greg Zanon.
12:18 of 1st period - Shot Misses the Net.
12:40 of 1st period - Shot by Martin St. Louis.
12:40 of 1st period - Shot Misses the Net.
13:01 of 1st period - Minor Penalty to Paul Stastny for Tripping.
13:02 of 1st period - Phil Kessel wins face-off versus Joe Pavelski in Bruins zone.
14:01 of 1st period - Shot by Christopher Higgins.
14:01 of 1st period - Shot Misses the Net.
14:03 of 1st period - Shot by Daniel Alfredsson.
14:03 of 1st period - Stopped by Cam Ward with a rebound.
14:07 of 1st period - Shot by Daniel Alfredsson.
14:07 of 1st period - Shot Misses the Net.
14:35 of 1st period - Shot by Michal Rozsival.
14:35 of 1st period - Shot Misses the Net.
14:42 of 1st period - Icing by Ryan Whitney.
14:43 of 1st period - Joe Pavelski wins face-off versus Nathan Horton in Wild zone.
15:07 of 1st period - Off-side.
15:08 of 1st period - Rob Niedermayer wins face-off versus Patrice Bergeron in neutral zone.
15:16 of 1st period - Icing by Blake Wheeler.
15:17 of 1st period - Chris Drury wins face-off versus Mark Recchi in Bruins zone.
15:34 of 1st period - Shot by Mark Recchi.
15:34 of 1st period - Shot Misses the Net.
15:43 of 1st period - Zdeno Chara is hit by Greg Zanon and loses puck.
16:22 of 1st period - Kyle Okposo is hit by Jan Hejda and loses puck.
18:16 of 1st period - Christopher Higgins is hit by Zdeno Chara and loses puck.
18:19 of 1st period - Shot by Joe Pavelski.
18:19 of 1st period - Stopped by Cam Ward without a rebound.
18:20 of 1st period - Paul Stastny wins face-off versus Joe Pavelski in Bruins zone.
18:22 of 1st period - Minor Penalty to Paul Stastny for Holding.
18:23 of 1st period - Joe Pavelski wins face-off versus David Krejci in Bruins zone.
18:52 of 1st period - Shot by Joe Pavelski.
18:52 of 1st period - Shot Misses the Net.
19:24 of 1st period - Shot by Christopher Higgins.
19:24 of 1st period - Stopped by Cam Ward without a rebound.
19:25 of 1st period - Phil Kessel wins face-off versus Robert Lang in Bruins zone.

Period #2

0:01 of 2nd period - Joe Pavelski wins face-off versus David Krejci in neutral zone.
0:14 of 2nd period - Icing by Martin St. Louis.
0:15 of 2nd period - Joe Pavelski wins face-off versus Phil Kessel in Wild zone.
0:53 of 2nd period - Shot by Brian Willsie.
0:53 of 2nd period - Shot Misses the Net.
1:24 of 2nd period - Minor Penalty to Daniel Alfredsson for Hooking.
1:25 of 2nd period - Dustin Brown wins face-off versus Joe Pavelski in Wild zone.
2:32 of 2nd period - Shot by Zdeno Chara.
2:32 of 2nd period - Stopped by Ilya Bryzgalov without a rebound.
2:33 of 2nd period - David Krejci wins face-off versus Rob Niedermayer in Wild zone.
3:29 of 2nd period - Shot by Paul Stastny.
3:29 of 2nd period - Shot Blocked by Freddy Meyer.
3:49 of 2nd period - Shot by Kyle Okposo.
3:49 of 2nd period - Stopped by Ilya Bryzgalov without a rebound.
3:50 of 2nd period - Joe Pavelski wins face-off versus Patrice Bergeron in Wild zone.
4:41 of 2nd period - James Vandermeer is hit by Joe Pavelski and loses puck.
5:27 of 2nd period - Icing by Michal Rozsival.
5:28 of 2nd period - Joe Pavelski wins face-off versus Patrice Bergeron in Wild zone.
6:48 of 2nd period - Martin St. Louis is hit by Gregory Campbell and loses puck.
6:56 of 2nd period - Off-side.
6:57 of 2nd period - Rob Niedermayer wins face-off versus David Krejci in neutral zone.
7:14 of 2nd period - Shot by Dustin Brown.
7:14 of 2nd period - Deflect By Nathan Horton.
7:14 of 2nd period - Shot Misses the Net.
7:18 of 2nd period - Shot by Nathan Horton.
7:18 of 2nd period - Shot Misses the Net.
7:22 of 2nd period - Shot by Dustin Brown.
7:22 of 2nd period - Stopped by Ilya Bryzgalov without a rebound.
7:23 of 2nd period - Rob Niedermayer wins face-off versus Paul Stastny in Wild zone.
7:23 of 2nd period - Rob Niedermayer is hit by Henrik Zetterberg.
9:24 of 2nd period - Shot by Brian Willsie.
9:24 of 2nd period - Deflect By Rob Niedermayer.
9:24 of 2nd period - Shot Misses the Net.
9:55 of 2nd period - Olli Jokinen is hit by Mark Recchi.
10:03 of 2nd period - Shot by Patrice Bergeron.
10:03 of 2nd period - Stopped by Ilya Bryzgalov without a rebound.
10:04 of 2nd period - Patrice Bergeron wins face-off versus Joe Pavelski in Wild zone.
11:04 of 2nd period - Shot by Kyle Okposo.
11:04 of 2nd period - Stopped by Ilya Bryzgalov without a rebound.
11:05 of 2nd period - Paul Stastny wins face-off versus Rob Niedermayer in Wild zone.
11:59 of 2nd period - Off-side.
12:00 of 2nd period - Chris Drury wins face-off versus Nathan Horton in neutral zone.
12:55 of 2nd period - Shot by Patrice Bergeron.
12:55 of 2nd period - Shot Blocked by Ryan Whitney.
12:59 of 2nd period - Shot by Patrice Bergeron.
12:59 of 2nd period - Stopped by Ilya Bryzgalov with a rebound.
13:01 of 2nd period - Shot by Mark Recchi.
13:01 of 2nd period - Stopped by Ilya Bryzgalov without a rebound.
13:02 of 2nd period - Joe Pavelski wins face-off versus David Krejci in Wild zone.
13:26 of 2nd period - Shot by David Krejci.
13:26 of 2nd period - Stopped by Ilya Bryzgalov without a rebound.
13:27 of 2nd period - David Krejci wins face-off versus Rob Niedermayer in Wild zone.
14:14 of 2nd period - Icing by Henrik Zetterberg.
14:15 of 2nd period - Phil Kessel wins face-off versus Milan Hejduk in Bruins zone.
14:24 of 2nd period - Shot by Milan Hejduk.
14:24 of 2nd period - Shot Misses the Net.
14:28 of 2nd period - Shot by Milan Hejduk.
14:28 of 2nd period - Stopped by Cam Ward without a rebound.
14:29 of 2nd period - Chris Drury wins face-off versus Blake Wheeler in Bruins zone.
14:31 of 2nd period - Martin St. Louis is hit by Niklas Kronwall and loses puck.
14:58 of 2nd period - Shot by Mark Recchi.
14:58 of 2nd period - Stopped by Ilya Bryzgalov without a rebound.
14:59 of 2nd period - Paul Stastny wins face-off versus Joe Pavelski in Wild zone.
14:59 of 2nd period - Paul Stastny is hit by Michal Rozsival.
15:04 of 2nd period - Icing by Michal Rozsival.
15:05 of 2nd period - Paul Stastny wins face-off versus Joe Pavelski in Wild zone.
15:13 of 2nd period - Paul Stastny is hit by Michal Rozsival and loses puck.
15:40 of 2nd period - Shot by Paul Stastny.
15:40 of 2nd period - Stopped by Ilya Bryzgalov with a rebound.
16:10 of 2nd period - Off-side.
16:11 of 2nd period - Patrice Bergeron wins face-off versus Chris Drury in neutral zone.
16:26 of 2nd period - Shot by Mark Recchi.
16:26 of 2nd period - Shot Misses the Net.
17:40 of 2nd period - Shot by Rob Niedermayer.
17:40 of 2nd period - Shot Misses the Net.
17:42 of 2nd period - Shot by Stephane Yelle.
17:42 of 2nd period - Shot Misses the Net.
17:44 of 2nd period - Shot by Rob Niedermayer.
17:44 of 2nd period - Shot Hit the Post.
17:46 of 2nd period - Shot by Rob Niedermayer.
17:46 of 2nd period - Shot Misses the Net.
17:48 of 2nd period - Shot by Brian Willsie.
17:48 of 2nd period - Shot Misses the Net.
18:04 of 2nd period - Shot by Joe Pavelski.
18:04 of 2nd period - Shot Misses the Net.
18:06 of 2nd period - Shot by Joe Pavelski.
18:06 of 2nd period - Stopped by Cam Ward without a rebound.
18:07 of 2nd period - Patrice Bergeron wins face-off versus Joe Pavelski in Bruins zone.
18:33 of 2nd period - Shot by Patrice Bergeron.
18:33 of 2nd period - Shot Blocked by Ryan Whitney.
18:37 of 2nd period - Shot by Jordan Leopold.
18:37 of 2nd period - Stopped by Ilya Bryzgalov without a rebound.
18:38 of 2nd period - Phil Kessel wins face-off versus Chris Drury in Wild zone.
18:38 of 2nd period - Kyle Okposo is hit by Greg Zanon and loses puck.
18:45 of 2nd period - Shot by Phil Kessel.
18:45 of 2nd period - Shot Misses the Net.
18:49 of 2nd period - Shot by Phil Kessel.
18:49 of 2nd period - Goal by Phil Kessel - Wild : 1 - Bruins : 2.
18:50 of 2nd period - Rob Niedermayer wins face-off versus Patrice Bergeron in neutral zone.
18:50 of 2nd period - Minor Penalty to Zdeno Chara for Holding.
18:51 of 2nd period - David Krejci wins face-off versus Joe Pavelski in Bruins zone.

Period #3

0:01 of 3rd period - David Krejci wins face-off versus Joe Pavelski in neutral zone.
0:05 of 3rd period - Minor Penalty to Gregory Campbell for Hooking.
0:06 of 3rd period - Olli Jokinen wins face-off versus Paul Stastny in Bruins zone.
1:39 of 3rd period - Phil Kessel is hit by Milan Hejduk and loses puck.
2:08 of 3rd period - Shot by Rob Niedermayer.
2:08 of 3rd period - Stopped by Cam Ward without a rebound.
2:09 of 3rd period - Patrice Bergeron wins face-off versus Rob Niedermayer in Bruins zone.
2:09 of 3rd period - Patrice Bergeron is hit by Rob Niedermayer.
2:12 of 3rd period - Icing by Jordan Leopold.
2:13 of 3rd period - Rob Niedermayer wins face-off versus Mark Recchi in Bruins zone.
2:13 of 3rd period - Brian Willsie is hit by Zdeno Chara and loses puck.
2:41 of 3rd period - Off-side.
2:42 of 3rd period - Paul Stastny wins face-off versus Daniel Alfredsson in neutral zone.
3:05 of 3rd period - Shot by Daniel Alfredsson.
3:05 of 3rd period - Stopped by Cam Ward without a rebound.
3:06 of 3rd period - Joe Pavelski wins face-off versus David Krejci in Bruins zone.
3:14 of 3rd period - Nathan Horton is hit by Ryan Whitney and loses puck.
3:28 of 3rd period - Joe Pavelski is hit by Niklas Kronwall and loses puck.
3:37 of 3rd period - Shot by Christopher Higgins.
3:37 of 3rd period - Shot Misses the Net.
3:41 of 3rd period - Shot by Milan Hejduk.
3:41 of 3rd period - Shot Misses the Net.
3:43 of 3rd period - Shot by Joe Pavelski.
3:43 of 3rd period - Shot Blocked by Barret Jackman.
4:04 of 3rd period - James Vandermeer is hit by Aaron Ward and loses puck.
4:35 of 3rd period - Shot by Kyle Okposo.
4:35 of 3rd period - Deflect By Gregory Campbell.
4:35 of 3rd period - Shot Misses the Net.
4:51 of 3rd period - Shot by Martin St. Louis.
4:51 of 3rd period - Shot Blocked by James Vandermeer.
4:55 of 3rd period - Shot by Daniel Alfredsson.
4:55 of 3rd period - Shot Misses the Net.
4:57 of 3rd period - Shot by Daniel Alfredsson.
4:57 of 3rd period - Shot Blocked by Dennis Seidenberg.
4:59 of 3rd period - Shot by Daniel Alfredsson.
4:59 of 3rd period - Shot Blocked by Dennis Seidenberg.
5:03 of 3rd period - Shot by Chris Drury.
5:03 of 3rd period - Shot Blocked by Dennis Seidenberg.
5:05 of 3rd period - Shot by Chris Drury.
5:05 of 3rd period - Stopped by Cam Ward without a rebound.
5:06 of 3rd period - Joe Pavelski wins face-off versus Patrice Bergeron in Bruins zone.
5:13 of 3rd period - Shot by Milan Hejduk.
5:13 of 3rd period - Stopped by Cam Ward without a rebound.
5:14 of 3rd period - Patrice Bergeron wins face-off versus Joe Pavelski in Bruins zone.
5:20 of 3rd period - Shot by Martin St. Louis.
5:20 of 3rd period - Shot Misses the Net.
5:24 of 3rd period - Shot by Martin St. Louis.
5:24 of 3rd period - Stopped by Cam Ward without a rebound.
5:25 of 3rd period - David Krejci wins face-off versus Joe Pavelski in Bruins zone.
5:25 of 3rd period - David Krejci is hit by Christopher Higgins.
6:26 of 3rd period - Icing by Blake Wheeler.
6:27 of 3rd period - Patrice Bergeron wins face-off versus Chris Drury in Bruins zone.
6:47 of 3rd period - Shot by Daniel Alfredsson.
6:47 of 3rd period - Shot Blocked by Patrice Bergeron.
6:49 of 3rd period - Shot by Daniel Alfredsson.
6:49 of 3rd period - Shot Misses the Net.
6:51 of 3rd period - Shot by Greg Zanon.
6:51 of 3rd period - Shot Blocked by Jordan Leopold.
6:55 of 3rd period - Shot by Daniel Alfredsson.
6:55 of 3rd period - Shot Misses the Net.
6:57 of 3rd period - Shot by Daniel Alfredsson.
6:57 of 3rd period - Goal by Daniel Alfredsson - Wild : 2 - Bruins : 2.
6:58 of 3rd period - Paul Stastny wins face-off versus Rob Niedermayer in neutral zone.
7:17 of 3rd period - Icing by Gregory Campbell.
7:18 of 3rd period - Paul Stastny wins face-off versus Chris Drury in Bruins zone.
7:18 of 3rd period - Paul Stastny is hit by Martin St. Louis.
7:32 of 3rd period - Shot by Kyle Okposo.
7:32 of 3rd period - Stopped by Ilya Bryzgalov without a rebound.
7:33 of 3rd period - Brian Willsie wins face-off versus David Krejci in Wild zone.
7:37 of 3rd period - Freddy Meyer is hit by Dustin Brown and loses puck.
7:50 of 3rd period - Off-side.
7:51 of 3rd period - Patrice Bergeron wins face-off versus Christopher Higgins in neutral zone.
7:55 of 3rd period - Minor Penalty to Michal Rozsival for Slashing.
7:56 of 3rd period - David Krejci wins face-off versus Rob Niedermayer in Wild zone.
7:56 of 3rd period - David Krejci is hit by Greg Zanon.
8:06 of 3rd period - Shot by Henrik Zetterberg.
8:06 of 3rd period - Shot Blocked by Greg Zanon.
8:31 of 3rd period - Minor Penalty to David Krejci for Holding.
8:31 of 3rd period - Minor Penalty to Christopher Higgins for Tripping.
8:32 of 3rd period - Chris Drury wins face-off versus Phil Kessel in neutral zone.
8:38 of 3rd period - Icing by Dennis Seidenberg.
8:39 of 3rd period - Phil Kessel wins face-off versus Chris Drury in Bruins zone.
9:19 of 3rd period - Off-side.
9:20 of 3rd period - Patrice Bergeron wins face-off versus Chris Drury in neutral zone.
9:29 of 3rd period - Shot by Nathan Horton.
9:29 of 3rd period - Shot Misses the Net.
9:47 of 3rd period - Off-side.
9:48 of 3rd period - Henrik Zetterberg wins face-off versus Rob Niedermayer in neutral zone.
10:58 of 3rd period - Minor Penalty to James Vandermeer for Hooking.
10:59 of 3rd period - David Krejci wins face-off versus Joe Pavelski in Bruins zone.
11:56 of 3rd period - Shot by Olli Jokinen.
11:56 of 3rd period - Stopped by Cam Ward without a rebound.
11:57 of 3rd period - Olli Jokinen wins face-off versus David Krejci in Bruins zone.
12:16 of 3rd period - Shot by Daniel Alfredsson.
12:16 of 3rd period - Shot Misses the Net.
12:20 of 3rd period - Shot by Freddy Meyer.
12:20 of 3rd period - Stopped by Cam Ward with a rebound.
12:22 of 3rd period - Shot by Christopher Higgins.
12:22 of 3rd period - Stopped by Cam Ward without a rebound.
12:23 of 3rd period - Milan Hejduk wins face-off versus David Krejci in Bruins zone.
13:22 of 3rd period - Shot by Rob Niedermayer.
13:22 of 3rd period - Shot Misses the Net.
13:26 of 3rd period - Shot by Rob Niedermayer.
13:26 of 3rd period - Stopped by Cam Ward without a rebound.
13:27 of 3rd period - Chris Drury wins face-off versus David Krejci in Bruins zone.
13:37 of 3rd period - Christopher Higgins is hit by Niklas Kronwall and loses puck.
13:48 of 3rd period - Chris Drury is hit by Dustin Brown and loses puck.
16:04 of 3rd period - Shot by Martin St. Louis.
16:04 of 3rd period - Shot Misses the Net.
16:06 of 3rd period - Shot by Martin St. Louis.
16:06 of 3rd period - Shot Misses the Net.
16:08 of 3rd period - Shot by Martin St. Louis.
16:08 of 3rd period - Stopped by Cam Ward without a rebound.
16:09 of 3rd period - Paul Stastny wins face-off versus Daniel Alfredsson in Bruins zone.
16:23 of 3rd period - Shot by Joe Pavelski.
16:23 of 3rd period - Stopped by Cam Ward with a rebound.
16:25 of 3rd period - Shot by Daniel Alfredsson.
16:25 of 3rd period - Shot Misses the Net.
16:27 of 3rd period - Shot by Daniel Alfredsson.
16:27 of 3rd period - Stopped by Cam Ward without a rebound.
16:28 of 3rd period - Chris Drury wins face-off versus David Krejci in Bruins zone.
16:41 of 3rd period - Daniel Alfredsson is hit by David Krejci and loses puck.
17:20 of 3rd period - Shot by Phil Kessel.
17:20 of 3rd period - Stopped by Ilya Bryzgalov without a rebound.
17:21 of 3rd period - Rob Niedermayer wins face-off versus Phil Kessel in Wild zone.
18:30 of 3rd period - Shot by Joe Pavelski.
18:30 of 3rd period - Stopped by Cam Ward without a rebound.
18:31 of 3rd period - Paul Stastny wins face-off versus Chris Drury in Bruins zone.
18:59 of 3rd period - Icing by Henrik Zetterberg.
19:00 of 3rd period - Paul Stastny wins face-off versus Chris Drury in Bruins zone.

Overtime #1

0:01 of 1st overtime period - Chris Drury wins face-off versus Patrice Bergeron in neutral zone.
0:13 of 1st overtime period - Off-side.
0:14 of 1st overtime period - Joe Pavelski wins face-off versus David Krejci in neutral zone.
0:19 of 1st overtime period - Shot by Joe Pavelski.
0:19 of 1st overtime period - Shot Misses the Net.
0:34 of 1st overtime period - Shot by Joe Pavelski.
0:34 of 1st overtime period - Stopped by Cam Ward without a rebound.
0:35 of 1st overtime period - Chris Drury wins face-off versus Patrice Bergeron in Bruins zone.
1:57 of 1st overtime period - Icing by Milan Hejduk.
1:58 of 1st overtime period - Chris Drury wins face-off versus David Krejci in Wild zone.
2:57 of 1st overtime period - Shot by Nathan Horton.
2:57 of 1st overtime period - Shot Blocked by Daniel Alfredsson.
3:01 of 1st overtime period - Shot by Zdeno Chara.
3:01 of 1st overtime period - Stopped by Ilya Bryzgalov without a rebound.
3:02 of 1st overtime period - Martin St. Louis wins face-off versus Patrice Bergeron in Wild zone.
4:30 of 1st overtime period - Shot by Daniel Alfredsson.
4:30 of 1st overtime period - Stopped by Cam Ward without a rebound.
4:31 of 1st overtime period - David Krejci wins face-off versus Chris Drury in Bruins zone.
4:59 of 1st overtime period - Henrik Zetterberg is hit by Freddy Meyer and loses puck.

ShootOut

ShootOut - Penalty Shot by Milan Hejduk for Wild.
ShootOut - Stopped by Cam Ward.
ShootOut - Penalty Shot by Nathan Horton for Bruins.
ShootOut - Stopped by Ilya Bryzgalov.
ShootOut - Penalty Shot by Daniel Alfredsson for Wild.
ShootOut - Stopped by Cam Ward.
ShootOut - Penalty Shot by Phil Kessel for Bruins.
ShootOut - Stopped by Ilya Bryzgalov.
ShootOut - Penalty Shot by Martin St. Louis for Wild.
ShootOut - Goal by Martin St. Louis.
ShootOut - Penalty Shot by Henrik Zetterberg for Bruins.
ShootOut - Goal by Henrik Zetterberg.
ShootOut - Penalty Shot by Joe Pavelski for Wild.
ShootOut - Goal by Joe Pavelski.
ShootOut - Penalty Shot by Dustin Brown for Bruins.
ShootOut - Goal by Dustin Brown.
ShootOut - Penalty Shot by Robert Lang for Wild.
ShootOut - Shot Misses the Net.
ShootOut - Penalty Shot by Paul Stastny for Bruins.
ShootOut - Stopped by Ilya Bryzgalov.
ShootOut - Penalty Shot by Olli Jokinen for Wild.
ShootOut - Goal by Olli Jokinen.
ShootOut - Penalty Shot by David Krejci for Bruins.
ShootOut - Goal by David Krejci.
ShootOut - Penalty Shot by Christopher Higgins for Wild.
ShootOut - Stopped by Cam Ward.
ShootOut - Penalty Shot by Blake Wheeler for Bruins.
ShootOut - Goal by Blake Wheeler.


Output by the SimonT Hockey Simulator (STHS) for Stephane Roy -- Original Page W3C XHTML 1.0 Valid